 Dungeon Crawl Stone Soup version 0.21.1-1-g345015fe64 (webtiles) character file.

0 Gargoyl the Skirmisher (level 1, -3/19 HPs)
             Began as a Centaur Abyssal Knight on Feb 22, 2018.
             Was a Follower of Lugonu.
             Slain by a small abomination (18 damage)
             ... on level 3 of the Abyss.
             The game lasted 00:00:49 (177 turns).

Gargoyl the Skirmisher (Centaur Abyssal Knight)      Turns: 177, Time: 00:00:50

Health: -3/19      AC:  4    Str: 14    XL:     1   Next: 0%
Magic:  2/2        EV:  9    Int: 16    God:    Lugonu [*.....]
Gold:   0          SH:  0    Dex:  8    Spells: 0/0 levels left

rFire    . . .     SeeInvis .   a - +1 hand axe
rCold    . . .     Gourm    .   (no shield)
rNeg     . . .     Faith    .   b - +0 leather armour
rPois    .         Spirit   .   (helmet restricted)
rElec    .         Reflect  .   (no cloak)
rCorr    .         Harm     .   (no gloves)
MR       .....                  (no barding)
Stlth    ..........             (no amulet)
HPRegen  0.00/turn              (no ring)
MPRegen  0.08/turn              (no ring)

@: brilliant, non-regenerating, diseased, very quick
A: large, antennae 1, hooves 3, deformed body, speed 2, low mp 1, tough skin 3
a: Depart the Abyss, Renounce Religion


You were on level 3 of the Abyss.
You worshipped Lugonu.
Lugonu was aware of your devotion.
You were not hungry.

You visited 0 branches of the dungeon, and saw 0 of its levels.
You visited the Abyss 1 time.

Inventory:

Hand Weapons
 a - a +1 hand axe (weapon)
Armour
 b - a +0 leather armour (worn)
Potions
 d - a potion of brilliance
Comestibles
 c - a ration


   Skills:
 + Level 3.0 Fighting
 + Level 1.7 Axes
 + Level 1.3 Armour
 + Level 0.6 Dodging
 + Level 2.0 Invocations


You couldn't memorise any spells.
You didn't know any spells.

Dungeon Overview and Level Annotations

Branches:
Dungeon (0/15)

Altars:


Innate Abilities, Weirdness & Mutations

You have hooves in place of feet.
Armour fits poorly on your strangely shaped body.
You cover ground very quickly.
You have extremely tough skin. (AC +3)
You have a pair of small antennae on your head.
Your magical capacity is low. (-10% MP)


Message History

The ynoxinul bellows!
The ynoxinul moves out of view.
Found a scale mail.
A wraith comes into view.
A smoke demon comes into view.
The raiju barks!
The smoke demon roars!
The neqoxec shouts!
You see here a scale mail.
You feel ill.
The raiju looks sick.
The small abomination misses you. The neqoxec gestures at you.
Strange energies course through your body.
A pair of antennae grows on your head! The neqoxec gestures at you.
Strange energies course through your body.
You feel less energetic.
A large abomination comes into view.
You hit the large abomination but do no damage.
Your kick misses the large abomination. You closely miss the small abomination.
The small abomination hits you!!
Ouch! That really hurt!
You die...

#..# ... .. ###
#.# .. ....#.. .
. ....#..###
....
.##....X.##..##
.......@..3.3..
.......x..§Y.##
.....W......§..
.........h....#
.......[.......
................
.
######...#.##..
. ##.#..# .X.#.
# .x.## #...


You could see 2 large abominations, a smoke demon, a raiju, a neqoxec, a wraith,
an ice beast and a small abomination.

Vanquished Creatures (others)
  A fungus (Abyss:3)
1 creature vanquished.

Notes
Turn   | Place    | Note
-------+----------+-------------------------------------------
     0 | Abyss:1  | Gargoyl the Centaur Abyssal Knight began the quest for the Orb.
     0 | Abyss:1  | Reached XP level 1. HP: 19/19 MP: 2/2
    29 | Abyss:1  | Found a corrupted altar of Lugonu.
    56 | Abyss:3  | Found a corrupted altar of Lugonu.
   116 | Abyss:3  | Noticed an ancient zyme
   139 | Abyss:3  | Noticed a small abomination
   148 | Abyss:3  | Noticed a large abomination
   155 | Abyss:3  | Noticed a shining eye
   158 | Abyss:3  | Noticed a ynoxinul
   170 | Abyss:3  | Noticed a wraith
   172 | Abyss:3  | Noticed a raiju
   172 | Abyss:3  | Noticed a smoke demon
   172 | Abyss:3  | Noticed a large abomination
   172 | Abyss:3  | Noticed a neqoxec
   174 | Abyss:3  | Gained mutation: You have a pair of small antennae on your head. [a neqoxec]
   175 | Abyss:3  | Gained mutation: Your magical capacity is low. (-10% MP) [a neqoxec]
   176 | Abyss:3  | Noticed a large abomination
   176 | Abyss:3  | Noticed an ice beast
   177 | Abyss:3  | Slain by a small abomination

Action                   || total
-------------------------++-------
Melee: Hand axe          ||     1
  Use: Scroll            ||     1
       Potion            ||     1
Armor: Leather armour    ||     1
Dodge: Dodged            ||     1
